AoeStats
← Khirs

Black Forest

509418083Analyzed
4v4 RM · 5d ago on Sep 26, 2026· 67m 47s· 8 players
Game mode
Random Map
Map size
Large (8 player)
Population
200
Speed
Normal
Resources
Standard
Victory
Conquest
Starting age
Dark Age
Ending age
Imperial Age
RankedLock teamsTeams togetherTeam positionsShared explorationLock speedFull tech treeHidden civsTurbo modeCheats
Victory
Defeat
🇹🇷 Persians · Türkiye
803
+14
🇩🇪 Japanese · Germany
761
+16
🇹🇷 Huns · Türkiye
754
+16
🇪🇸 Teutons · Spain
719
+17
🇦🇷 Britons · Argentina
817
-18
🇦🇷 Khmer · Argentina
801
-18
🇸🇪 Gurjaras · Sweden
707
-14
🇨🇭 Hindustanis · Switzerland
693
-22
Malikestergok
3:18 Loom
13:51 Feudal Age
15:19 Wheelbarrow
14:29 Horse Collar
14:37 Double-Bit Axe
30:42 Castle Age
29:02 Gold Mining
29:04 Stone Mining
34:19 Caravan
37:29 Hand Cart
42:04 Husbandry
42:30 Arson
42:45 Squires
42:06 Pikeman
44:51 Gold Shaft Mining
44:13 Elite Skirmisher
46:51 Coinage
50:01 Imperial Age
50:22 Forging
58:42 Bow Saw
58:48 Heavy Plow
59:24 Ballistics
59:38 Padded Archer Armor
59:41 Fletching
60:40 Leather Archer Armor
61:26 Parthian Tactics
61:17 Bodkin Arrow
62:38 Iron Casting
62:54 Bracer
63:28 Scale Barding Armor
65:04 Chemistry
66:22 Heavy Cavalry Archer
68:35 Blast Furnace
matthiaskaeck
0:46 Loom
12:25 Feudal Age
13:00 Double-Bit Axe
12:58 Horse Collar
13:56 Wheelbarrow
15:56 Fishing Lines
16:22 Stone Mining
23:52 Castle Age
26:55 Heavy Plow
28:26 Caravan
30:10 Bow Saw
29:47 Pikeman
30:27 Squires
30:51 Forging
31:42 Gold Mining
32:14 Scale Mail Armor
32:05 Fletching
33:41 Hand Cart
35:02 Gillnets
38:08 Ballistics
37:59 Fortified Wall
42:12 Imperial Age
41:05 Yasama
41:20 Redemption
41:50 Iron Casting
41:30 Chain Mail Armor
41:21 Scale Barding Armor
41:16 Padded Archer Armor
41:11 Bodkin Arrow
44:18 Conscription
44:18 Kataparuto
43:21 Elite Samurai
43:24 Elite Skirmisher
43:25 Crossbowman
44:11 Thumb Ring
43:31 Halberdier
44:37 Heavy Cavalry Archer
45:43 Parthian Tactics
48:09 Chemistry
53:09 Onager
63:12 Blast Furnace
62:43 Plate Mail Armor
62:33 Chain Barding Armor
62:28 Leather Archer Armor
62:14 Bracer
Khirs
0:34 Loom
12:15 Feudal Age
12:46 Double-Bit Axe
12:44 Horse Collar
13:47 Wheelbarrow
13:12 Gold Mining
21:06 Castle Age
19:23 Stone Mining
20:57 Fletching
21:48 Forging
23:52 Stone Shaft Mining
23:30 Bow Saw
23:30 Heavy Plow
24:51 Bodkin Arrow
31:19 Imperial Age
29:40 Ironclad
28:57 Pikeman
31:14 Fortified Wall
31:26 Ballistics
32:23 Scale Mail Armor
33:14 Crop Rotation
33:35 Hand Cart
33:01 Halberdier
35:42 Chemistry
36:11 Iron Casting
36:08 Chain Mail Armor
38:31 Two-Man Saw
38:42 Blast Furnace
38:13 Conscription
39:58 Plate Mail Armor
40:58 Onager
44:57 Elite Teutonic Knight
46:56 Crenellations
48:19 Siege Onager
49:46 Siege Engineers
57:13 Coinage
67:13 Capped Ram
Mert
0:32 Loom
13:22 Feudal Age
19:34 Castle Age
18:00 Stone Mining
17:58 Double-Bit Axe
18:05 Horse Collar
20:54 Heavy Plow
23:04 Gold Mining
25:32 Bow Saw
28:35 Wheelbarrow
27:46 Town Watch
29:25 Ballistics
29:54 Town Patrol
30:54 Hand Cart
32:38 Gold Shaft Mining
36:29 Imperial Age
34:30 Scale Barding Armor
34:36 Forging
36:26 Chain Barding Armor
36:42 Iron Casting
36:33 Elite War Elephant
37:56 Plate Barding Armor
39:30 Crop Rotation
40:05 Two-Man Saw
38:45 Elite War Elephant
39:27 Kamandaran
39:37 Citadels
39:48 Conscription
38:58 Sappers
40:04 Hoardings
40:37 Blast Furnace
40:12 Padded Archer Armor
40:02 Fletching
41:00 Arson
41:15 Squires
41:00 Gambesons
41:22 Scale Mail Armor
42:17 Stone Shaft Mining
42:24 Husbandry
42:35 Bloodlines
41:45 Cavalier
43:18 Leather Archer Armor
42:58 Bodkin Arrow
43:40 Chain Mail Armor
44:30 Chemistry
43:26 Murder Holes
43:41 Masonry
45:16 Ring Archer Armor
44:18 Savar
47:07 Plate Mail Armor
52:42 Coinage
57:33 Caravan
58:24 Guilds
59:05 Banking
63:00 Light Cavalry
64:03 Hussar
Gori11a
0:29 Loom
13:19 Feudal Age
14:07 Double-Bit Axe
15:00 Horse Collar
24:44 Castle Age
23:38 Stone Mining
23:44 Gold Mining
29:58 Imperial Age
27:40 Fletching
28:18 Bow Saw
31:07 Forging
31:06 Scale Barding Armor
30:24 Heavy Camel Rider
31:19 Bloodlines
36:36 Caravan
37:50 Padded Archer Armor
41:30 Iron Casting
41:16 Chain Barding Armor
41:27 Bodkin Arrow
41:48 Elite Elephant Archer
45:08 Conscription
45:42 Frontier Guards
45:23 Bodkin Arrow
49:43 Gold Shaft Mining
50:28 Chain Barding Armor
54:32 Plate Barding Armor
57:06 Thumb Ring
60:03 Leather Archer Armor
62:21 Chemistry
61:42 Ballistics
62:03 Onager
63:50 Wheelbarrow
63:03 Town Watch
65:01 Crossbowman
65:57 Kshatriyas
Geneviève V.
13:16 Feudal Age
14:39 Wheelbarrow
13:54 Double-Bit Axe
14:13 Horse Collar
14:47 Stone Mining
16:36 Gold Mining
24:33 Castle Age
23:29 Forging
24:12 Arson
23:48 Man-at-Arms
24:44 Bloodlines
25:41 Hand Cart
26:11 Bow Saw
26:14 Heavy Plow
27:12 Stone Shaft Mining
27:47 Iron Casting
27:16 Husbandry
27:24 Squires
29:01 Gold Shaft Mining
27:54 Pikeman
27:58 Elite Skirmisher
29:31 Thumb Ring
30:03 Light Cavalry
30:17 Long Swordsman
31:11 Grand Trunk Road
32:28 Crossbowman
36:04 Scale Barding Armor
36:01 Scale Mail Armor
36:02 Padded Archer Armor
39:03 Imperial Age
37:39 Chain Barding Armor
37:10 Fletching
38:37 Town Watch
38:38 Loom
39:29 Ballistics
39:27 Chain Mail Armor
39:29 Leather Archer Armor
40:00 Town Patrol
40:52 Conscription
40:42 Heavy Cavalry Archer
41:38 Two-Handed Swordsman
42:31 Masonry
44:13 Chemistry
45:21 Two-Man Saw
45:04 Plate Barding Armor
44:33 Heavy Camel Rider
46:44 Hoardings
47:14 Ring Archer Armor
46:53 Caravan
48:29 Shatagni
47:58 Siege Elephant
51:12 Blast Furnace
50:08 Bodkin Arrow
53:42 Imperial Camel Rider
56:06 Bracer
56:14 Siege Engineers
Crypt0_0
12:17 Feudal Age
12:59 Double-Bit Axe
18:07 Castle Age
18:54 Double-Bit Axe
18:53 Horse Collar
24:31 Heavy Plow
25:44 Wheelbarrow
24:55 Loom
26:35 Bow Saw
28:20 Hand Cart
28:18 Gold Mining
28:19 Stone Mining
28:29 Stone Mining
30:32 Stone Shaft Mining
30:35 Gold Shaft Mining
33:45 Imperial Age
34:45 Coinage
34:16 Caravan
36:28 Chemistry
36:15 Crop Rotation
38:15 Elite Battle Elephant
39:44 Conscription
38:45 Elite Ballista Elephant
39:27 Double Crossbow
39:52 Ballistics
39:38 Siphons
40:44 Banking
Raptor_hunter
0:39 Loom
11:21 Feudal Age
11:44 Horse Collar
12:42 Wheelbarrow
12:46 Double-Bit Axe
20:14 Castle Age
20:56 Stone Mining
20:57 Gold Mining
21:28 Hand Cart
21:30 Bow Saw
22:39 Heavy Plow
23:55 Gold Mining
27:06 Town Watch
33:12 Imperial Age
32:11 Yeomen
34:25 Conscription
34:16 Padded Archer Armor
34:07 Fletching
35:05 Gold Shaft Mining
34:07 Pikeman
34:48 Squires
34:33 Arson
35:29 Elite Longbowman
36:35 Bodkin Arrow
37:27 Bracer
37:43 Leather Archer Armor
40:32 Chemistry
39:42 Warwolf
41:16 Ring Archer Armor
44:03 Two-Man Saw
46:13 Light Cavalry
49:43 Forging
49:33 Scale Mail Armor
49:39 Scale Barding Armor
51:44 Coinage
53:12 Halberdier
57:38 Iron Casting
57:18 Chain Mail Armor
57:24 Chain Barding Armor
61:32 Onager
Connection lost

Rejoining the realm…

Still unreachable

The connection could not be restored.

Session expired

The server has moved on; the page needs a fresh start.